 Dungeon Crawl Stone Soup version 0.30.0-5-g1a98f26d00 (webtiles) character file.

Game seed: 9780028893806098144

1397 retardedninja the Firebug (level 8, -1/59 HPs)
             Began as a Gnoll Fire Elementalist on May 10, 2023.
             Slain by a lemure (2 damage)
             ... led by Pikel
             ... on level 5 of the Dungeon.
             The game lasted 00:06:22 (5943 turns).

retardedninja the Firebug (Gnoll Fire Elementalist) Turns: 5943, Time: 00:06:22

Health: -1/59      AC:  4    Str:  8    XL:     8   Next: 69%
Magic:  5/26       EV: 14    Int: 16    God:
Gold:   287        SH:  0    Dex: 13    Spells: 16/19 levels left

rFire   . . .        t - +1 spear (heavy)
rCold   . . .        (no shield)
rNeg    . . .        m - +0 robe
rPois   .            o - +0 helmet
rElec   .            c - +0 cloak
rCorr   .            (no gloves)
SInv    .            (no boots)
Will    .....        (no amulet)
Stlth   +++          a - ring of magical power
HPRegen 0.29/turn    (no ring)
MPRegen 0.20/turn

%: no passive effects
@: very slightly contaminated
A: fangs 1, strong nose, distributed training
a: no special abilities


You were on level 5 of the Dungeon.
You visited 1 branch of the dungeon, and saw 5 of its levels.

You collected 287 gold pieces.

Inventory:

Hand Weapons
 t - a +1 heavy spear (weapon)
Armour
 c - a +0 cloak (worn)
 m - a +0 robe (worn)
 o - a +0 helmet (worn)
Jewellery
 a - a ring of magical power (left hand)
Scrolls
 d - a scroll of teleportation {unknown}
 g - a scroll of enchant weapon {unknown}
 i - a scroll of poison {unknown}
 k - a scroll of magic mapping {unknown}
 l - 5 scrolls of identify
 n - a scroll of blinking {unknown}
 p - 2 scrolls of silence {unknown}
 r - a scroll of noise {unknown}
 u - a scroll of fog {unknown}
Potions
 b - 2 potions of magic
 e - a potion of degeneration
 f - 2 potions of flight
 h - a potion of attraction {unknown}
 j - a potion of invisibility {unknown}
 q - a potion of curing {unknown}
 s - a potion of berserk rage {unknown}
 v - a potion of cancellation {unknown}


   Skills:
 + Level 3.6 Fighting
 + Level 3.6 Short Blades
 + Level 3.6 Long Blades
 + Level 3.6 Axes
 + Level 3.6 Maces & Flails
 + Level 3.6 Polearms
 + Level 3.6 Staves
 + Level 3.6 Ranged Weapons
 + Level 3.6 Throwing
 + Level 3.6 Armour
 + Level 5.9 Dodging
 + Level 5.6 Stealth
 + Level 3.6 Shields
 + Level 3.6 Unarmed Combat
 + Level 6.2 Spellcasting
 + Level 3.7 Conjurations
 + Level 3.0 Hexes
 + Level 3.0 Summonings
 + Level 3.0 Necromancy
 + Level 3.0 Translocations
 + Level 3.0 Transmutations
 + Level 6.3 Fire Magic
 + Level 3.0 Ice Magic
 + Level 3.0 Air Magic
 + Level 3.0 Earth Magic
 + Level 3.0 Poison Magic
 + Level 4.0 Invocations
 + Level 3.6 Evocations


You had 16 spell levels left.
You knew the following spells:

 Your Spells              Type           Power      Damage    Failure   Level
a - Foxfire               Conj/Fire      84%        2x1d8     1%          1
b - Scorch                Fire           50%        2d7       1%          2

Your spell library contained the following spells:

 Spells                   Type           Power      Damage    Failure   Level
 Inner Flame              Hex/Fire       19%        N/A       6%          3
 Volatile Blastmotes      Fire/Tloc      38%        2d13      6%          3
 Flame Wave               Conj/Fire      21%        2d8       17%         4


Dungeon Overview and Level Annotations

Branches:
Dungeon (5/15)
 Temple: D:4-7

Altars:
Kikubaaqudgha

Shops:
D:4 *

Annotations:
D:3 1 runed translucent door, Crazy Yiuf
D:5 Pikel


Innate Abilities, Weirdness & Mutations

You have very sharp teeth.
Your uncanny sense of smell can sniff out nearby items.
Your experience applies equally to all skills.


Message History

You miscast Scorch.
You are very lightly contaminated with residual magic.
Nothing appears to happen.
Pikel closely misses you. The lemure barely misses you.
Unknown command.
Casting: Scorch (safe; 1% risk of failure)
Confirm with . or Enter, or press ? or * to list all spells.
Flames lash the adder.
The adder is moderately wounded.
The adder's fire resistance burns away.
The lemure hits you! Pikel barely misses you.
You hit Pikel but do no damage. Your bite misses Pikel.
Pikel is almost dead.
The lemure hits you but does no damage.
Pikel says, "Dispater doesn't talk much, but I know they dig me."
Pikel barely misses you.
You hit Pikel but do no damage.
Pikel is almost dead.
The adder is no longer more vulnerable to fire.
The lemure hits you! The lemure hits you.
Pikel hits you with a +1 whip of electrocution! x2
The lemure misses you. The lemure barely misses you.
You hit Pikel but do no damage.
Pikel is almost dead.
The lemure hits you!
* * * LOW HITPOINT WARNING * * *
Pikel hits you with a +1 whip of electrocution.
* * * LOW HITPOINT WARNING * * *
The lemure hits you.
* * * LOW HITPOINT WARNING * * *
Okay, then.
Casting: Scorch (safe; 1% risk of failure)
Confirm with . or Enter, or press ? or * to list all spells.
Flames lash the lemure.
The lemure is lightly wounded.
The lemure's fire resistance burns away.
The lemure hits you.
* * * LOW HITPOINT WARNING * * *
The lemure hits you.
You die...

.........#.......####)#####......
###.####.######### ##.## #.#....
#.# #.# #...# #.####. ###.#
#.######## #...####.####. ....#
#.#......# #...##.[...... ....#
#.....##.####...##.#......
....####.....##......)....>......
....)....#.#....55...............
....######......@KS>.......#.....
....######.#.##.###....##.##.....
......##........###.§............
#####.##.#.####.##.[.≈≈.≈≈.......
#####.##.#.####.#..≈..≈.≈..≈.....
......##.#......#..≈≈.....≈≈...#.
##.##.##.########......_.......#.
......##.# #..≈≈.....≈≈..##.
##.......# ##..≈..≈.≈..≈..##.


You could see Pikel (combustible), 2 lemures and an adder.

Vanquished Creatures
  Prince Ribbit (D:5)
  Sigmund (D:2)
  Menkaure (D:4)
  2 black bears
  2 lemures (D:5)
  A phantom (D:5)
  Blork the orc (D:5)
  2 scorpions (D:5)
  3 hounds
  2 jellies (D:5)
  3 orc priests (D:4)
  Jessica (D:2)
  2 iguanas
  Terence (D:3)
  An adder (D:3)
  4 gnolls (D:5)
  3 worms
  4 dart slugs
  12 orcs
  5 ball pythons
  10 bats
  8 endoplasms
  2 giant cockroaches
  9 goblins
  8 hobgoblins
  6 jackals
  2 quokkas
  5 frilled lizards
  A kobold (D:1)
  3 rats
106 creatures vanquished.

Vanquished Creatures (others)
  465 foxfires
465 creatures vanquished.

Grand Total: 571 creatures vanquished

Notes
Turn   | Place    | Note
-------+----------+-------------------------------------------
     0 | D:1      | retardedninja the Gnoll Fire Elementalist began the quest
                  | for the Orb.
     0 | D:1      | Reached XP level 1. HP: 13/13 MP: 6/6
   253 | D:1      | Reached XP level 2. HP: 18/19 MP: 3/7
  1192 | D:1      | Reached skill level 5 in Spellcasting
  1192 | D:1      | Reached XP level 3. HP: 24/25 MP: 5/9
  1433 | D:2      | Learned a level 2 spell: Scorch
  1560 | D:2      | Noticed Jessica
  1565 | D:2      | Killed Jessica
  1566 | D:2      | Reached skill level 1 in Fighting
  1566 | D:2      | Reached skill level 1 in Short Blades
  1566 | D:2      | Reached skill level 1 in Long Blades
  1566 | D:2      | Reached skill level 1 in Axes
  1566 | D:2      | Reached skill level 1 in Maces & Flails
  1566 | D:2      | Reached skill level 1 in Polearms
  1566 | D:2      | Reached skill level 1 in Staves
  1566 | D:2      | Reached skill level 1 in Ranged Weapons
  1566 | D:2      | Reached skill level 1 in Throwing
  1566 | D:2      | Reached skill level 1 in Armour
  1566 | D:2      | Reached skill level 1 in Shields
  1566 | D:2      | Reached skill level 1 in Unarmed Combat
  1566 | D:2      | Reached skill level 1 in Invocations
  1566 | D:2      | Reached skill level 1 in Evocations
  1566 | D:2      | Reached XP level 4. HP: 32/32 MP: 4/11
  2424 | D:2      | Noticed Sigmund
  2431 | D:2      | Killed Sigmund
  2432 | D:2      | Reached skill level 1 in Hexes
  2432 | D:2      | Reached skill level 1 in Summonings
  2432 | D:2      | Reached skill level 1 in Necromancy
  2432 | D:2      | Reached skill level 1 in Translocations
  2432 | D:2      | Reached skill level 1 in Transmutations
  2432 | D:2      | Reached skill level 1 in Ice Magic
  2432 | D:2      | Reached skill level 1 in Air Magic
  2432 | D:2      | Reached skill level 1 in Earth Magic
  2432 | D:2      | Reached skill level 1 in Poison Magic
  2432 | D:2      | Reached XP level 5. HP: 36/38 MP: 3/12
  2432 | D:2      | Reached XP level 6. HP: 41/44 MP: 3/14
  2533 | D:2      | Found a faded altar of an unknown god.
  2991 | D:3      | Reached skill level 5 in Dodging
  3150 | D:3      | Noticed Terence
  3160 | D:3      | Killed Terence
  3670 | D:3      | Found a runed translucent door.
  3671 | D:3      | Noticed Crazy Yiuf
  3790 | D:4      | Noticed Menkaure
  3798 | D:4      | Killed Menkaure
  3799 | D:4      | Reached XP level 7. HP: 50/50 MP: 15/15
  3982 | D:4      | Reached skill level 5 in Stealth
  4173 | D:4      | Found Qoufos's Neck Hole.
  4645 | D:5      | Entered Level 5 of the Dungeon
  4645 | D:5      | Noticed Prince Ribbit
  4653 | D:5      | Killed Prince Ribbit
  4654 | D:5      | Reached XP level 8. HP: 58/58 MP: 16/16
  4970 | D:5      | Found an ancient bone altar of Kikubaaqudgha.
  5403 | D:5      | Noticed Blork the orc
  5801 | D:5      | Killed Blork the orc
  5925 | D:5      | Noticed Pikel
  5943 | D:5      | HP: 1/59 [lemure[Pikel] (5)]
  5943 | D:5      | Slain by a lemure

Illustrated notes

Levels and vault maps discovered:
D:1:      lightli_arrival_lavapool, layout_loops_corners,
          minmay_strange_pillars, wander_ebering_terrifying_dragon_lair
D:2:      layout_loops_corners, shapermc_ecumenical_altar_hornbeckon,
          uniq_sigmund, uniq_jessica
D:3:      layout_rooms, minmay_goblin_outpost, uniq_terence,
          uniq_crazy_yiuf_cottage
D:4:      layout_basic, nicolae_shop_sticking_my_neck_out, uniq_menkaure
D:5:      layout_loops_cross, mainiacjoe_overflow_small_starburst,
          uniq_prince_ribbit1, uniq_pikel, uniq_blork_the_orc

Skill      XL: |  1  2  3  4  5  6  7  8 |
---------------+-------------------------+-----
Conjurations   | 2 3 |  3.7
Spellcasting   | 5 6 |  6.2
Fighting       | 1 2 3 |  3.6
Short Blades   | 1 2 3 |  3.6
Long Blades    | 1 2 3 |  3.6
Axes           | 1 2 3 |  3.6
Maces & Flails | 1 2 3 |  3.6
Polearms       | 1 2 3 |  3.6
Staves         | 1 2 3 |  3.6
Ranged Weapons | 1 2 3 |  3.6
Throwing       | 1 2 3 |  3.6
Armour         | 1 2 3 |  3.6
Shields        | 1 2 3 |  3.6
Unarmed Combat | 1 2 3 |  3.6
Invocations    | 1 2 3 4 |  4.0
Evocations     | 1 2 3 |  3.6
Hexes          | 1 2 3 |  3.0
Summonings     | 1 2 3 |  3.0
Necromancy     | 1 2 3 |  3.0
Translocations | 1 2 3 |  3.0
Transmutations | 1 2 3 |  3.0
Ice Magic      | 1 2 3 |  3.0
Air Magic      | 1 2 3 |  3.0
Earth Magic    | 1 2 3 |  3.0
Poison Magic   | 1 2 3 |  3.0
Dodging        | 5 |  5.9
Stealth        | 5 |  5.6
Fire Magic     | 6 |  6.3

Action                     |  1- 3 |  4- 6 |  7- 9 || total
---------------------------+-------+-------+-------++-------
  Melee: Unarmed           |     1 |       |       ||     1
         Spear             |     2 |     1 |     3 ||     6
         Bite              |     1 |       |       ||     1
   Cast: Foxfire           |    76 |   121 |   109 ||   306
         Scorch            |     1 |     6 |    43 ||    50
    Use: Scroll            |       |     2 |       ||     2
   Stab: Sleeping          |     1 |       |       ||     1
 Armour: Robe              |     7 |     4 |    15 ||    26
  Dodge: Dodged            |    15 |    19 |    57 ||    91
